 Dungeon Crawl Stone Soup version 0.30-a0-23-ge60ba3568b (webtiles) character file.

Game seed: 2375951515256002204

9454 SensoryNuts the Severer (level 11, -4/95 HPs)
             Began as a Minotaur Fighter on Aug 24, 2022.
             Slain by a two-headed ogre
             ... wielding a +0 giant spiked club
              (6 damage)
             ... while petrified by a basilisk
             ... on level 11 of the Dungeon.
             The game lasted 00:15:17 (13680 turns).

SensoryNuts the Severer (Minotaur Fighter)         Turns: 13680, Time: 00:15:18

Health: -4/95      AC: 14    Str: 27    XL:     11   Next: 23%
Magic:  10/10      EV:  2    Int:  5    God:
Gold:   600        SH:  0    Dex: 14    Spells: 10/10 levels left

rFire   . . .      SeeInvis .    a - +2 war axe
rCold   . . .      Faith    .    c - +0 buckler
rNeg    + + +      Spirit   .    v - +1 acid dragon scales
rPois   ∞          Reflect  .    (helmet restricted)
rElec   .          Harm     .    l - +0 cloak
rCorr   +          Rampage  .    p - +2 pair of gloves
Will    .....      Clarity  +    k - +0 pair of boots
Stlth   ++........               (no amulet)
HPRegen 0.25/turn                A - +6 ring of strength
MPRegen 0.12/turn                (no ring)

@: mighty, petrified
A: horns 2, retaliatory headbutt, clarity, wild magic 1
a: no special abilities


You were on level 11 of the Dungeon.
You visited 4 branches of the dungeon, and saw 14 of its levels.

You collected 752 gold pieces.
You spent 152 gold pieces at shops.

Inventory:

Hand Weapons
 a - a +2 war axe (weapon)
Armour
 c - a +0 buckler (worn)
 k - a +0 pair of boots (worn)
 l - a +0 cloak (worn)
 p - a +2 pair of gloves (worn)
 v - +1 acid dragon scales (worn)
 x - +0 steam dragon scales
Jewellery
 r - a ring of positive energy
 A - a +6 ring of strength (left hand)
Wands
 b - a wand of paralysis (5)
 f - a wand of iceblast (4)
 n - a wand of flame (36)
 o - a wand of mindburst (13)
 t - a wand of digging (4)
 w - a wand of polymorph (7) (quivered)
Scrolls
 g - a scroll of identify
 j - 6 scrolls of poison
 m - a scroll of fog
 q - 3 scrolls of teleportation
 s - 4 scrolls of fear
 y - a scroll of immolation
 D - a scroll of amnesia
Potions
 d - 3 potions of curing
 h - 2 potions of lignification
 u - a potion of magic
 z - 2 potions of brilliance
 B - a potion of flight
 C - a potion of might


   Skills:
 + Level 8.6 Fighting
 * Level 16.2 Axes
 + Level 7.0 Armour
 + Level 5.3 Dodging
 + Level 2.3 Stealth
 + Level 6.6 Shields
 + Level 0.2 Evocations


You had 10 spell levels left.
You didn't know any spells.
Your spell library contained the following spells:

 Spells                   Type           Power      Damage    Failure   Level
 Necrotise                Necr           0%         1d4       71%         1
 Sandblast                Erth           0%         2d4       71%         1
 Blink                    Tloc           0%         N/A       83%         2
 Passwall                 Tmut/Erth      0%         N/A       83%         2
 Sublimation of Blood     Necr           0%         N/A       83%         2
 Wereblood                Tmut           0%         N/A       83%         2
 Dazzling Flash           Conj/Hex       0%         N/A       96%         3
 Lesser Beckoning         Tloc           0%         N/A       96%         3
 Ozocubu's Armour         Ice            0%         N/A       96%         3
 Stone Arrow              Conj/Erth      0%         3d7       96%         3
 Vampiric Draining        Necr           0%         2d6       96%         3
 Animate Armour           Summ/Erth      0%         N/A       100%        4
 Iskenderun's Mystic Bla  Conj/Tloc      0%         2d3       100%        4
 Leda's Liquefaction      Hex/Erth       0%         N/A       100%        4
 Petrify                  Tmut/Erth      0%         N/A       100%        4
 Agony                    Necr           0%         N/A       100%        5
 Blade Hands              Tmut           0%         N/A       100%        5
 Lee's Rapid Deconstruct  Erth           0%         3d5*      100%        5
 Manifold Assault         Tloc           0%         N/A       100%        5
 Metabolic Englaciation   Hex/Ice        0%         N/A       100%        5
 Iron Shot                Conj/Erth      0%         9d1       100%        6
 Starburst                Conj/Fire      0%         6d3       100%        6
 Statue Form              Tmut/Erth      0%         N/A       100%        6
 Ozocubu's Refrigeration  Ice            0%         4d7       100%        7
 Summon Hydra             Summ           0%         N/A       100%        7


Dungeon Overview and Level Annotations

Branches:
Dungeon (11/15)            Temple (1/1) D:4            Lair (1/5) D:10
    Orc (1/2) D:10

Altars:
Ashenzari
Cheibriados
Dithmenos
Elyvilon
Fedhas
Gozag
Hepliaklqana
Kikubaaqudgha
Makhleb
Nemelex Xobeh
Okawaru
Qazlal
Ru
Sif Muna
Trog
Uskayaw
Vehumet
Wu Jian
Xom
Yredelemnul
Zin
The Shining One

Shops:
D:1 =   D:9 *

Annotations:
D:5 3 runed translucent doors, SkeletonJelly's ghost, novice TrMo
D:11 Grum


Innate Abilities, Weirdness & Mutations

You have a pair of horns on your head.
You reflexively headbutt those who attack you in melee.
You possess an exceptional clarity of mind.
Your spells are a little harder to cast, but a little more powerful.


Message History

You see here the +2 eveningstar of Nemelex Xobeh {vorpal, rC+}.
You pick up a book of Geomancy and begin reading...
You add the spells Sandblast, Passwall and Stone Arrow to your library.
You pick up a book of the Earth and begin reading...
You add the spells Leda's Liquefaction and Lee's Rapid Deconstruction to your library.
You open the door.
A wolf comes into view.
There are monsters nearby!
There are monsters nearby!
Found 3 stones.
The two-headed ogre shouts in stereo!
You hear a howl!
The basilisk hisses angrily.
A wolf comes into view.
There is an open door here.
Grum the Hunter comes into view.
He is wielding a -1 spear.
The basilisk gazes at you. You resist with some effort.
The wolf howls!
There is an open door here.
The two-headed ogre attacks as you move away!
The two-headed ogre hits you with a +0 giant spiked club!! x2
You hear an angry growl.
The basilisk gazes at you.
You are slowing down.
You feel very mighty all of a sudden.
Your limbs are stiffening.
You slash the two-headed ogre! You headbutt the two-headed ogre!
The two-headed ogre is heavily wounded.
The two-headed ogre hits you with a +0 giant spiked club!!
* * * LOW HITPOINT WARNING * * *
The two-headed ogre hits you but does no damage.
You have turned to stone.
The two-headed ogre hits you with a +0 giant spiked club!!
* * * LOW HITPOINT WARNING * * *
The two-headed ogre hits you with a +0 giant spiked club!!
* * * LOW HITPOINT WARNING * * *
The two-headed ogre hits you with a +0 giant spiked club!
* * * LOW HITPOINT WARNING * * *
The two-headed ogre hits you with a +0 giant spiked club!
You die...

#..<##...#.#.#.#...## ..
+....#.............#
.....#....##..#.#.#.#..##
....(#.....##.........##
.....#########.......##
........###..##.....##
........#.....###.###
.......g#.........#
.......lO@....#####
.......h#######
..............#
..............#
...............
...............
...............
##############.


You could see a two-headed ogre, Grum, a basilisk and a wolf.

Vanquished Creatures
  A hydra (D:11)
  A two-headed ogre (D:9)
  Maggie (D:7)
  3 komodo dragons
  A polar bear (Lair:1)
  A hornet (D:8)
  A shadow (D:9)
  12 yaks
  A steam dragon (D:7)
  4 vampire mosquitoes
  A wyvern (D:8)
  2 acid dragons (D:8)
  A water moccasin (D:9)
  4 orc warriors
  A swamp drake (D:10)
  3 sky beasts
  A black bear (D:4)
  2 ogres (D:7)
  4 centaurs
  3 bullfrogs
  2 necrophages (D:7)
  3 gnoll sergeants
  2 scorpions
  7 wights (D:8)
  3 vampire bats (D:5)
  2 howler monkeys (D:8)
  5 hounds
  3 jellies
  3 gnoll boudas
  6 orc priests
  Crazy Yiuf (D:2)
  Jessica (D:2)
  Natasha (D:2)
  Ijyb (D:3)
  4 iguanas
  8 orc wizards
  9 adders
  22 gnolls
  An ufetubus (D:4)
  A worm (D:4)
  3 dart slugs
  36 orcs
  9 ball pythons
  6 bats
  4 bat skeletons (D:5)
  2 bat zombies (D:5)
  8 endoplasms
  2 giant cockroaches
  4 goblins
  7 hobgoblins
  11 jackals
  11 kobolds
  5 quokkas
  4 frilled lizards
  6 rats
251 creatures vanquished.

Vanquished Creatures (others)
  8 plants
8 creatures vanquished.

Grand Total: 259 creatures vanquished

Notes
Turn   | Place    | Note
-------+----------+-------------------------------------------
     0 | D:1      | SensoryNuts the Minotaur Fighter began the quest for the
                  | Orb.
     0 | D:1      | Reached XP level 1. HP: 19/19 MP: 0/0
   195 | D:1      | Found Mubee's Jewellery Boutique.
   204 | D:1      | Reached XP level 2. HP: 27/27 MP: 1/1
   364 | D:1      | Reached XP level 3. HP: 33/33 MP: 2/2
   374 | D:1      | Found a faded altar of an unknown god.
   402 | D:1      | Reached skill level 3 in Axes
   750 | D:2      | Noticed Jessica
   756 | D:2      | Killed Jessica
   757 | D:2      | Reached skill level 1 in Dodging
   757 | D:2      | Reached XP level 4. HP: 38/40 MP: 3/3
  1271 | D:2      | Noticed Natasha
  1278 | D:2      | Killed Natasha
  1347 | D:2      | Found a runed translucent door.
  1348 | D:2      | Noticed Crazy Yiuf
  1486 | D:2      | Killed Crazy Yiuf
  1487 | D:2      | Reached skill level 4 in Axes
  1487 | D:2      | Reached XP level 5. HP: 34/47 MP: 4/4
  1793 | D:3      | Noticed a sky beast
  1801 | D:3      | Killed a sky beast
  1877 | D:3      | Noticed Ijyb
  1881 | D:3      | Killed Ijyb
  1882 | D:3      | Reached skill level 5 in Axes
  1882 | D:3      | Reached XP level 6. HP: 42/53 MP: 5/5
  2787 | D:4      | Reached skill level 6 in Axes
  2887 | D:4      | Found a staircase to the Ecumenical Temple.
  3109 | D:4      | Reached XP level 7. HP: 59/60 MP: 6/6
  3355 | D:4      | Reached skill level 7 in Axes
  3604 | Temple   | Entered the Ecumenical Temple
  3691 | D:5      | Entered Level 5 of the Dungeon
  3750 | D:5      | Found a runed translucent gate.
  3750 | D:5      | Found a runed translucent gate.
  3750 | D:5      | Found a runed translucent gate.
  3795 | D:5      | Noticed SkeletonJelly's ghost (novice TrMo)
  4209 | D:5      | Reached skill level 5 in Armour
  4226 | D:5      | Reached skill level 8 in Axes
  4520 | D:5      | Found an ancient bone altar of Kikubaaqudgha.
  4526 | D:5      | Reached skill level 5 in Fighting
  5039 | D:6      | Reached XP level 8. HP: 65/68 MP: 7/7
  5154 | D:6      | Reached skill level 5 in Shields
  5166 | D:6      | Reached skill level 9 in Axes
  5496 | D:6      | Found a hazy altar of Hepliaklqana.
  5939 | D:6      | Found a broken altar of Ashenzari.
  6126 | D:7      | Reached skill level 10 in Axes
  6126 | D:7      | Reached skill level 1 in Stealth
  6537 | D:7      | Noticed Maggie
  6551 | D:7      | Killed Maggie
  6552 | D:7      | Reached skill level 11 in Axes
  6552 | D:7      | Reached XP level 9. HP: 56/75 MP: 8/8
  7609 | D:7      | Gained mutation: Your spells are a little harder to cast,
                  | but a little more powerful. [potion of mutation]
  7609 | D:7      | Gained mutation: You possess an exceptional clarity of
                  | mind. [potion of mutation]
  7654 | D:8      | Reached skill level 12 in Axes
  8157 | D:8      | Reached skill level 13 in Axes
  8729 | D:8      | Found a hide-covered altar of Uskayaw.
  8881 | D:9      | Found a transporter.
  8885 | D:9      | Found a transporter.
  8897 | D:9      | Reached XP level 10. HP: 77/86 MP: 9/9
  8955 | D:9      | Found Ozistrif's Assorted Antiques.
  8992 | D:9      | Bought a potion of berserk rage for 95 gold pieces
  8992 | D:9      | Bought a potion of curing for 57 gold pieces
  9246 | D:9      | Found a stormy altar of Qazlal.
  9275 | D:9      | Found a transporter.
  9280 | D:9      | Found a transporter.
  9364 | D:9      | Found a transporter.
  9369 | D:9      | Found a transporter.
  9488 | D:9      | Reached skill level 14 in Axes
  9840 | D:9      | Noticed a two-headed ogre
  9845 | D:9      | Killed a two-headed ogre
 10417 | D:10     | Entered Level 10 of the Dungeon
 10879 | D:10     | Found a shadowy altar of Dithmenos.
 10923 | D:10     | Reached skill level 15 in Axes
 11248 | D:10     | Found a staircase to the Orcish Mines.
 11404 | D:10     | Found a staircase to the Lair.
 11876 | D:11     | Noticed a seven-headed hydra
 11892 | D:10     | Reached XP level 11. HP: 60/94 MP: 10/10
 11894 | D:10     | Reached skill level 5 in Dodging
 12121 | Orc:1    | Entered Level 1 of the Orcish Mines
 12121 | Orc:1    | Noticed an orc knight
 12194 | Lair:1   | Entered Level 1 of the Lair of Beasts
 12432 | Lair:1   | Reached skill level 16 in Axes
 12783 | D:11     | Noticed a war gargoyle
 12784 | D:11     | Noticed a two-headed ogre
 12784 | D:11     | Noticed a two-headed ogre
 13258 | D:11     | HP: 7/142 [11-headed hydra (2)]
 13260 | D:11     | Killed a 13-headed hydra
 13673 | D:11     | Noticed Grum
 13680 | D:11     | HP: 2/95 [two-headed ogre/+0 giant spiked club (3)]
 13680 | D:11     | Slain by a two-headed ogre

Illustrated notes

Levels and vault maps discovered:
D:1:      nagdon_arrival_double_spiral, layout_rooms, serial_shops, shop,
          hellmonk_ecumenical_altar_zigzags
D:2:      layout_rooms, serial_forest, infiniplex_forest_zigzag_2,
          infiniplex_forest_side_room, infiniplex_forest_clump_medium,
          infiniplex_forest_lined_corner, infiniplex_forest_lined_room_2,
          bh_walls_and_bars, uniq_natasha, uniq_jessica, uniq_crazy_yiuf_cottage
D:3:      layout_loops_ring, minmay_misc_feat_columns, uniq_ijyb
D:4:      layout_gridville, minmay_temple_entry_water_ring, serial_bayou_pond_a,
          minmay_fractal_squares_diagonal_5
D:5:      layout_layer_cave, kennysheep_vampire_church, gammafunk_ghost_icy,
          serial_park_tiny_2, chequers_serial_rivers_small_b
D:6:      layout_basic, mainiacjoe_overflow_surrounded_room, lemuel_tele_altar,
          nicolae_grassy_gnolls
D:7:      layout_layer_cave, uniq_maggie
D:8:      layout_basic, nicolae_uskayaw_suspiria, serial_aquarium,
          aquarium_bridge_long_separate [aquarium_subvault_bridge,
          aquarium_subvault_wall, aquarium_subvault_wall,
          aquarium_subvault_bridge, aquarium_subvault_balcony,
          aquarium_subvault_bridge], aquarium_window_corridor_1,
          aquarium_window_2, aquarium_window_1, aquarium_view_4,
          aquarium_balcony_3a, grunt_decor_one_mirror
D:9:      layout_stronghold, nicolae_qazlal_style_of_elements, serial_shops,
          nicolae_diamond_shop, serial_nicolae_subway,
          nicolae_sub_station_stone, nicolae_sub_station_metal,
          nicolae_sub_station_crystal
D:10:     layout_irregular_city, kennysheep_mini, lair_entry_dummy, erik_orc_1
D:11:     minmay_roctagon, layout_gridville, uniq_grum
Temple:   nicolae_temple_x_marks_the_god
Lair:1:   layout_long_grid, chequers_serial_rivers_micro_b, grunt_megastairs_3,
          lemuel_fruit_tree
Orc:1:    layout_diamond_mine, uniq_maurice

Skill      XL: |  1  2  3  4  5  6  7  8  9 10 11 |
---------------+----------------------------------+-----
Shields        | 4 5 6 |  6.6
Fighting       | 4 5 7 8 |  8.6
Armour         | 4 5 6 7 |  7.0
Axes           | 3 4 5 6 8 11 13 15 16 | 16.2
Dodging        | 1 2 3 4 5 |  5.3
Stealth        | 1 2 |  2.3
Evocations     | |  0.2

Action                   |  1- 3 |  4- 6 |  7- 9 | 10-12 || total
-------------------------+-------+-------+-------+-------++-------
Melee: War axe           |    59 |   118 |   255 |   184 ||   616
       Headbutt          |     3 |    15 |    43 |    38 ||    99
Evoke: Wand              |       |       |       |     6 ||     6
  Use: Potion            |       |     5 |     7 |     3 ||    15
       Scroll            |       |     5 |     7 |     2 ||    14
 Stab: Sleeping          |       |       |     1 |       ||     1
       Confused          |       |       |       |     3 ||     3
Armor: Scale mail        |    44 |    50 |   102 |       ||   196
       Skin              |       |     2 |       |       ||     2
       Steam dragon scal |       |       |    22 |       ||    22
       Acid dragon scale |       |       |     8 |    80 ||    88
Dodge: Dodged            |    30 |    72 |   153 |   113 ||   368
Block: Buckler           |    11 |    36 |    69 |    51 ||   167

Table legend: (Time is in decaauts)
 A = Elapsed time spent in this place.
 B = Non-inter-level travel time spent in this place.
 C = Inter-level travel time spent in this place.
 D = Time resting spent in this place.
 E = Time spent auto-exploring this place.
 F = Levels seen in this place.
 G = Mean time per level.
                   A        B        C        D        E       F      G
               +--------+--------+--------+--------+--------+-----+--------+
         Total |  13809 |  12880 |    929 |    213 |  10761 |  14 |  986.4 |
       Dungeon |  13472 |  12591 |    881 |    213 |  10507 |  11 | 1224.7 |
        Temple |     70 |     51 |     19 |      0 |     46 |   1 |   70.0 |
          Lair |    263 |    234 |     29 |      0 |    208 |   1 |  263.0 |
  Orcish Mines |      1 |      1 |      0 |      0 |      0 |   1 |    1.0 |
               +--------+--------+--------+--------+--------+-----+--------+

Top non-repeatable levels by time:
    D:10: 2858 daAuts
     D:9: 1567 daAuts
     D:7: 1506 daAuts
     D:5: 1339 daAuts
     D:8: 1237 daAuts
     D:6: 1087 daAuts
     D:4: 1050 daAuts
     D:2: 978 daAuts
     D:3: 890 daAuts
     D:1: 840 daAuts
  Lair:1: 263 daAuts
    D:11: 116 daAuts
  Temple: 70 daAuts
   Orc:1: 1 daAuts
